 Dungeon Crawl Stone Soup version 0.27.0-1-g7a089689b8 (webtiles) character file.

Game seed: 16069174569342360739

22 Spectrina the Ducker (level 2, 0/18 HPs)
             Began as a Deep Elf Monk on Aug 10, 2021.
             Succumbed to an adder's poison
             ... on level 3 of the Dungeon.
             The game lasted 00:02:06 (312 turns).

Spectrina the Ducker (Deep Elf Monk)                 Turns: 312, Time: 00:02:07

Health: 0/18       AC:  2    Str:  8    XL:     2   Next: 68%
Magic:  5/6        EV: 14    Int: 14    God:
Gold:   30         SH:  0    Dex: 23    Spells: 3/3 levels left

rFire    . . .     SeeInvis .   a - +0 long sword
rCold    . . .     Faith    .   (no shield)
rNeg     . . .     Spirit   .   d - +0 robe
rPois    .         Reflect  .   (no helmet)
rElec    .         Harm     .   (no cloak)
rCorr    .         Rampage  .   (no gloves)
Will     .....                  (no boots)
Stlth    +++.......             (no amulet)
HPRegen  0.06/turn              i - +6 ring of dexterity
MPRegen  0.10/turn              (no ring)

@: brilliant, lethally poisoned (0 -> -4), attractive
A: no striking features
a: no special abilities


You were on level 3 of the Dungeon.
You visited 1 branch of the dungeon, and saw 3 of its levels.

You collected 30 gold pieces.

Inventory:

Hand Weapons
 a - a +0 long sword (weapon)
 b - a +0 dagger
 k - a +0 short sword
Missiles
 j - 8 curare-tipped darts (quivered)
Armour
 d - a +0 robe (worn)
Jewellery
 i - a +6 ring of dexterity (left hand)
Scrolls
 c - a scroll of fear {unknown}
 g - 2 scrolls of identify {unknown}
 h - a scroll of blinking {unknown}


   Skills:
 - Level 2.4 Fighting
 - Level 3.0 Short Blades
 - Level 3.6 Dodging
 + Level 3.0 Stealth
 + Level 1.4 Spellcasting
 * Level 1.8 Invocations


You had 3 spell levels left.
You didn't know any spells.
Your spell library was empty.

Dungeon Overview and Level Annotations

Branches:
Dungeon (3/15)

Altars:


Message History

The adder hisses angrily.
You hit the kobold but do no damage. You barely miss the kobold.
The kobold hits you with a +0 whip.
It was a potion of brilliance.
You feel clever all of a sudden. The kobold barely misses you.
It was a potion of attraction.
You feel attractive to monsters. The kobold closely misses you.
Unknown command.
You hit the kobold but do no damage. The kobold hits you with a +0 whip.
You hit the kobold.
The kobold is severely wounded.
The kobold misses you.
You riposte.
You hit the kobold.
You kill the kobold!
The adder is pulled toward you!
You hit the rat.
You kill the rat!
The adder bites you.
You closely miss the adder. The adder closely misses you.
The adder barely misses you.
You barely miss the adder. The adder barely misses you.
You riposte.
You barely miss the adder. You barely miss the adder. The adder bites you.
* * * LOW HITPOINT WARNING * * *
You are lethally poisoned!
The adder poisons you! The adder misses you.
You riposte.
You hit the adder.
The adder is heavily wounded.
Unknown command.
You aren't carrying any potions.
You slash the adder!
You kill the adder!
* * * LOW HITPOINT WARNING * * *
You feel very sick.
Your Stealth skill increases to level 3!
You barely miss the hobgoblin.
* * * LOW HITPOINT WARNING * * *
You feel sick. The hobgoblin barely misses you.
You hit the hobgoblin but do no damage.
You die...

# #### ..
#.@#
#..####g##
.........#
..#..#...#
...#....#
#..#..#
#..#..<#
...#....#
..#..#..#


You could see a hobgoblin.

Vanquished Creatures
  An adder (D:3)
  2 endoplasms (D:1)
  A giant cockroach (D:1)
  2 goblins (D:1)
  A hobgoblin (D:1)
  A ball python (D:1)
  A bat (D:1)
  A frilled lizard (D:1)
  2 kobolds
  A rat (D:3)
13 creatures vanquished.

Notes
Turn   | Place    | Note
-------+----------+-------------------------------------------
     0 | D:1      | Spectrina the Deep Elf Monk began the quest for the Orb.
     0 | D:1      | Reached XP level 1. HP: 13/13 MP: 3/3
    98 | D:1      | Reached skill level 1 in Invocations
   144 | D:1      | Reached skill level 1 in Spellcasting
   144 | D:1      | Reached XP level 2. HP: 11/18 MP: 5/5
   312 | D:3      | Succumbed to an adder's poison

Illustrated notes

Levels and vault maps discovered:
D:1:      evilmike_arrival_crescent, layout_rooms
D:2:      layout_loops_ring, hellmonk_ecumenical_altar_arch_garden,
          serial_aquarium, aquarium_bridge_square [aquarium_subvault_bridge,
          aquarium_subvault_bridge, aquarium_subvault_window,
          aquarium_subvault_wall], aquarium_bridge_square
          [aquarium_subvault_window, aquarium_subvault_bridge,
          aquarium_subvault_bridge, aquarium_subvault_bridge],
          aquarium_window_corridor_3, aquarium_window_2, aquarium_window_1,
          aquarium_view_2g
D:3:      layout_loops_ring, nicolae_overflow_hidden_temple,
          minmay_misc_feat_diagonals, minmay_misc_feat_roman,
          grunt_decor_junction, kennysheep_generic_room_12

Skill      XL: |  1  2 |
---------------+-------+-----
Invocations    | 1 |  1.8
Spellcasting   | 1 |  1.4
Stealth        | 3 |  3.0
Fighting       | |  2.4
Short Blades   | |  3.0
Dodging        | |  3.6

Action                   || total
-------------------------++-------
Melee: Short sword       ||    32
       Long sword        ||    13
  Use: Potion            ||     2
 Stab: Sleeping          ||     1
Armor: Robe              ||     3
Dodge: Dodged            ||    30
       Rpst.: Long sword ||     4
